 Dungeon Crawl Stone Soup version 0.20-a0-948-g2d876bd (webtiles) character file.

58 AlphabetPasta the Charmwright (level 4, 0/37 HPs)
             Began as a Ghoul Skald on Apr 3, 2017.
             Slain by a worm (5 damage)
             ... on level 2 of the Dungeon.
             The game lasted 00:05:54 (902 turns).

AlphabetPasta the Charmwright (Ghoul Skald)          Turns: 902, Time: 00:05:54

Health: 0/37       AC:  6    Str: 14    XL:     4   Next: 1%
Magic:  3/6        EV: 12    Int:  9    God:
Gold:   155        SH:  0    Dex:  8    Spells: 4/7 levels left

rFire    . . .     SeeInvis .   a - +0 hand axe
rCold    + . .     Gourm    .   (no shield)
rNeg     + + +     Faith    .   b - +0 leather armour
rPois    ∞         Spirit   .   (no helmet)
rElec    .         Reflect  .   (no cloak)
rCorr    .         Harm     .   i - +1 pair of gloves
MR       .....                  f - +0 pair of boots
Stlth    +.........             (no amulet)
Regen    0.0/turn               (no ring)
MPRegen  0.1/turn               (no ring)

@: rotting
A: rotting body, claws 1, carnivore 3, cold resistance 1, negative energy
resistance 3, inhibited regeneration, torment resistance, unbreathing
a: no special abilities


You were on level 2 of the Dungeon.
You were not hungry.

You visited 1 branch of the dungeon, and saw 2 of its levels.

You collected 155 gold pieces.

Inventory:

Hand Weapons
 a - a +0 hand axe (weapon)
Armour
 b - a +0 leather armour (worn)
 f - a +0 pair of boots (worn)
 i - a +1 pair of gloves (worn)
Potions
 h - a potion of flight
 k - 2 potions of might {unknown}
 n - a potion of haste {unknown}
 o - a potion of brilliance {unknown}
Books
 c - a book of Battle

   Spells                             Type                      Level
   a - Infusion                       Charms                       1
   b - Shroud of Golubria             Charms/Translocation         2
   c - Song of Slaying                Charms                       2
   d - Spectral Weapon                Hexes/Charms                 3
   e - Regeneration                   Charms/Necromancy            3
Comestibles
 d - 4 meat rations


   Skills:
 + Level 2.8 Fighting
 * Level 2.4 Axes
 + Level 1.1 Armour
 + Level 2.2 Dodging
 + Level 2.0 Spellcasting
 * Level 3.0 Charms


You had 4 spell levels left.
You knew the following spells:

 Your Spells              Type           Power        Failure   Level  Hunger
a - Infusion              Chrm           #...         12%         1    ##.....
b - Song of Slaying       Chrm           #.......     17%         2    ###....


Dungeon Overview and Level Annotations

Branches:
Dungeon (2/15)

Altars:


Innate Abilities, Weirdness & Mutations

Your body is rotting away.
You thrive on raw meat.
You are immune to poison.
You have sharp fingernails.
You are carnivorous and can eat meat at any time.
Your flesh is cold resistant. (rC+)
You are immune to negative energy. (rN+++)
You do not regenerate when monsters are visible.
You are immune to unholy pain and torment.
You can survive without breathing.


Message History

You closely miss the adder.
The adder is heavily wounded.
The adder barely misses you. The adder closely misses you.
You hit the adder but do no damage.
The adder is heavily wounded.
You barely miss the worm. The adder barely misses you.
You hit the adder.
The adder is almost dead.
You hit the worm. The adder bites you but does no damage.
The worm closely misses you. The adder barely misses you.
You closely miss the adder.
The adder is almost dead.
You hit the worm. The adder misses you. The worm bites you!
* * * LOW HITPOINT WARNING * * *
You hit the adder.
You kill the adder!
Your Charms skill increases to level 3!
You have reached level 4!
You hit the worm. The worm bites you.
You die...

#..# .
##..# #
##...##
#.....#
###...##
#.....#
#.##.##
#.
#.#######
#
#....w@.#
#######†#
... .###
.# .# .#
..


You could see a worm.

Vanquished Creatures
  3 adders (D:2)
  A ball python (D:1)
  2 bats (D:1)
  4 goblins
  6 hobgoblins
  3 jackals (D:1)
  3 kobolds (D:1)
  3 frilled lizards
  7 rats
32 creatures vanquished.

Vanquished Creatures (others)
  4 toadstools (D:1)
4 creatures vanquished.

Grand Total: 36 creatures vanquished

Notes
Turn   | Place    | Note
-------+----------+-------------------------------------------
     0 | D:1      | AlphabetPasta the Ghoul Skald began the quest for the Orb.
     0 | D:1      | Reached XP level 1. HP: 17/17 MP: 2/2
     0 | D:1      | Upgraded the game from 0.20-a0-947-g2784f4f to 0.20-a0-948-g2d876bd
    40 | D:1      | Reached skill level 1 in Armour
    40 | D:1      | Reached XP level 2. HP: 15/24 MP: 3/3
    60 | D:1      | Learned a level 2 spell: Song of Slaying
   617 | D:1      | Reached XP level 3. HP: 25/30 MP: 0/4
   902 | D:2      | Reached skill level 3 in Charms
   902 | D:2      | Reached XP level 4. HP: 5/37 MP: 3/6
   902 | D:2      | Slain by a worm

Vault maps used:
D:1:      ldierk_walled_garden_2
D:2:      grunt_gozag_statues

Skill      XL: |  1  2  3 |
---------------+----------+-----
Dodging        | 2 |  2.2
Armour         | 1 |  1.1
Axes           | 2 |  2.4
Spellcasting   | 2 |  2.0
Charms         | 3 |  3.0
Fighting       | |  2.8

Action                   |  1- 3 |  4- 6 || total
-------------------------+-------+-------++-------
Melee: Hand axe          |   109 |       ||   109
 Cast: Infusion          |    11 |       ||    11
  Use: Scroll            |     6 |       ||     6
       Potion            |     1 |       ||     1
  Eat: Chunk             |    28 |       ||    28
Armor: Leather armour    |    29 |       ||    29
Dodge: Dodged            |    61 |       ||    61
